Geromina, lawful female dwarven Archeologist ....B-- ....q@| ....qP| .... Geromina the Field Worker Experience level: 4 Strength: 13 Dexterity: 11 Constitution: 14 Intelligence: 16 Wisdom: 14 Charisma: 7 Health: 0(30) Energy: 8(8) Def: 1 Gold: 316 Moves: 1459 Dungeon seed: y9y6dlVBUjwQnzhM Game ID: Geromina_1444444751 Your Inventory: Coins $ - 316 gold pieces Weapons a - a +2 bullwhip (weapon in hand) i - a +0 boomerang (in quiver) p - a blessed +1 crossbow Armor e - an uncursed +0 leather jacket (being worn) n - an uncursed +0 fedora (being worn) z - an uncursed +0 dwarvish mithril-coat Comestibles b - 4 uncursed food rations Scrolls s - an uncursed scroll of enchant weapon t - an uncursed scroll of scare monster x - a cursed scroll of light I - a cursed scroll of stinking cloud K - a cursed scroll of teleportation Spellbooks U - an uncursed spellbook of charm monster Potions F - an uncursed potion of speed L - an uncursed potion of gain level T - an uncursed potion of healing Wands d - a wand of light (0:8) Tools c - a +0 pick-axe f - a tinning kit (0:91) g - an uncursed sack h - an uncursed tin opener v - an uncursed magic whistle A - an uncursed tin whistle J - an expensive camera (0:65) M - an uncursed skeleton key Gems q - an uncursed touchstone r - 3 uncursed worthless pieces of blue glass y - 2 uncursed worthless pieces of green glass N - an uncursed worthless piece of orange glass O - an uncursed amethyst stone P - an uncursed worthless piece of yellow glass Q - an uncursed obsidian stone R - 2 uncursed worthless pieces of violet glass S - 2 uncursed worthless pieces of white glass Y - 2 uncursed worthless pieces of black glass Spells and supernatural/magical abilities: Name Level Category Fail Memory e - charm monster 3 enchantment 100% 100% W - pray for help -- divine ? -- Your skills at the end: Miscellaneous Skills wands [Basic] Weapon Skills pick-axe [Basic] boomerang [Basic] whip [Basic] Spellcasting Skills Final Attributes: You were fervently aligned. You had infravision. You were stealthy. You were fast. You are dead. Vanquished creatures: a shrieker 3 dwarf zombies 2 coyotes an acid blob 4 geckos a giant rat a green mold a gnome 4 jackals 2 kobolds 4 newts 4 grid bugs a bat 5 lichens 34 creatures vanquished. Voluntary challenges: You followed a strict vegan diet. You did not adorn yourself with jewelry or accessories. You used a wielded weapon 52 times, starting on turn 3. You did not apply a unicorn horn. You read items or engraved 7 times, starting on turn 1448. You never genocided any monsters. You never polymorphed an object. You never changed form. You used no wishes. You never split a pudding. You never wrote Elbereth's name. You never violated your personal moral code. Dungeon overview: The Dungeons of Doom: levels 1 to 4 Level 1 a fountain a long staircase Level 2 a delicatessen, an altar to Camaxtli, some fountains Level 3 a fountain, a sink Level 4 an altar to Huhetotl stairs to The Gnomish Mines The Gnomish Mines: levels 5 to 9 Level 5 stairs to The Dungeons of Doom Level 6 Level 7 Level 8 some shops, a magic chest, some fountains Level 9 <- You were here History has recorded: On T:1 you entered the Dungeons of Doom to retrieve the Amulet of Yendor! On T:253 you advanced to experience level 2. On T:296 you reached level 2 of The Dungeons of Doom. On T:429 you reached level 3 of The Dungeons of Doom. On T:747 you advanced to experience level 3. On T:862 you reached level 4 of The Dungeons of Doom. On T:993 you reached level 1 of The Gnomish Mines. On T:1153 you reached level 2 of The Gnomish Mines. On T:1236 you advanced to experience level 4. On T:1255 you reached level 3 of The Gnomish Mines. On T:1296 you reached level 4 of The Gnomish Mines. On T:1339 you opened a magic chest. On T:1442 you reached level 5 of The Gnomish Mines. Score breakdown: Gold: 316 ( 31 points) Experience: 4 levels ( 300 points) Exploration: 9 levels ( 240 points) Discoveries: 4 items ( 200 points) Variety of kills: 14 monsters ( 700 points) Major goal: (nothing yet) ( 0 points) Survival: died (score multiplied by 3) Total score: 4413 Latest messages: The rothe is blinded by the flash! The rothe hits! The rothe bites! You die... Final status: Goodbye Geromina the Archeologist, killed by a rothe... You died in The Gnomish Mines on dungeon level 9 with 4413 points, and 316 pieces of gold, after 1459 moves. You were level 4 with a maximum of 30 hit points when you died.